 Dungeon Crawl Stone Soup version 0.32-a0-39-g5c88369fb2 (webtiles) character file.

Game seed: 7310820529248739271

10464 Ge0ff the Slicer (level 11, -4/87 HPs)
             Began as a Mummy Artificer on Feb 5, 2024.
             Was a High Priest of Okawaru.
             Slain by Erolcha
             ... wielding a +0 giant club
              (38 damage)
             ... on level 11 of the Dungeon.
             The game lasted 00:25:30 (10333 turns).

Ge0ff the Slicer (Mummy Artificer)                 Turns: 10333, Time: 00:25:30

Health: -4/87      AC: 11    Str: 13    XL:     11   Next: 36%
Magic:  10/12      EV: 16    Int: 10    God:    Okawaru [*****.]
Gold:   526        SH:  8    Dex: 23    Spells: 10/10 levels left

rFire   + . .        b - +0 rapier (venom)
rCold   + . .        q - +0 buckler
rNeg    + + +        Z - +0 ring mail {rF+}
rPois   ∞            L - +0 helmet
rElec   .            (no cloak)
rCorr   .            l - +2 pair of gloves {Stlth+}
SInv    .            (no boots)
Will    +....        o - amulet of the acrobat
Stlth   +++++        X - +6 ring of dexterity
HPRegen 0.34/turn    Y - ring "Musyptyo" {rF+ rN+ Str-3 Slay+3, =R}
MPRegen 0.13/turn

%: acrobat, faith
@: heroic
A: cold resistance 1, negative energy resistance 3, torment resistance 2, heat
vulnerability 1, in touch with death 1, no potions, faith
a: Renounce Religion, Heroism, Finesse, Duel


You were on level 11 of the Dungeon.
You worshipped Okawaru.
Okawaru was extremely pleased with you.
You visited 2 branches of the dungeon, and saw 12 of its levels.
You also visited: Sewer and Bailey.

You collected 526 gold pieces.

Inventory:

Hand Weapons
 a - a +1 short sword of electrocution
 b - a +0 rapier of venom (weapon)
 H - a +2 dagger of freezing
 K - a +2 trident of draining
 N - a +0 short sword of speed
 O - a +0 scimitar
 P - a +3 long sword
 S - a +4 spear
Missiles
 g - 4 throwing nets {=F}
 r - 8 poisoned darts
 v - a curare-tipped dart {=F}
 w - 44 stones (quivered)
 A - 2 datura-tipped darts {=F}
 G - 5 atropa-tipped darts
 Q - 4 boomerangs
Armour
 l - a +2 pair of gloves of stealth (worn)
 q - a +0 buckler (worn)
 I - an orb of mayhem
 L - a +0 helmet (worn)
 W - a +0 plate armour
 Z - a +0 ring mail of fire resistance (worn)
Jewellery
 o - an amulet of the acrobat (around neck)
 D - a ring of flight
 R - an amulet of magic regeneration
 X - a +6 ring of dexterity (left hand)
 Y - the ring "Musyptyo" (right hand) {rF+ rN+ Str-3 Slay+3, =R}
   (You found it on level 6 of the Dungeon)

   [ring of protection from fire]

   Str-3:     It affects your strength (-3).
   Slay+3:    It affects your accuracy & damage with ranged weapons and melee
   (+3).
   rF+:       It protects you from fire.
   rN+:       It protects you from negative energy.
Wands
 d - a wand of digging (10)
 f - a wand of flame (9)
 j - a wand of acid (9)
 k - a wand of iceblast (11)
Scrolls
 i - 2 scrolls of identify
 t - 2 scrolls of brand weapon
 B - 2 scrolls of blinking
 C - 2 scrolls of poison
 E - 3 scrolls of fear
 F - 3 scrolls of fog
 J - 2 scrolls of silence {!r}
 M - a scroll of acquirement
 T - 6 scrolls of teleportation
 V - 2 scrolls of vulnerability
Potions
 U - a potion of experience
Miscellaneous
 n - a phial of floods (inert)


   Skills:
 + Level 8.9(13.9) Fighting
 * Level 10.3(15.3) Short Blades
 - Level 2.0(7.0) Throwing
 - Level 2.0(7.0) Armour
 - Level 3.0(8.0) Dodging
 + Level 4.8(9.8) Stealth
 - Level 5.0(10.0) Shields
 - Level 2.0 Invocations
 - Level 2.6 Evocations


You had 10 spell levels left.
You didn't know any spells.
Your spell library contained the following spells:

 Spells                   Type           Power      Damage    Failure   Level
 Sandblast                Erth           0%         2d4       67%         1
 Passwall                 Erth           0%         N/A       95%         3
 Stone Arrow              Conj/Erth      0%         3d7       95%         3
 Brom's Barrelling Bould  Conj/Erth      0%         2d3       100%        4
 Dimensional Bullseye     Hex/Tloc       0%         N/A       100%        4
 Iskenderun's Mystic Bla  Conj/Tloc      0%         2d3       100%        4
 Summon Ice Beast         Ice/Summ       Unusable   N/A       N/A         3
 Tukima's Dance           Hex            Unusable   N/A       N/A         3
 Summon Mana Viper        Hex/Summ       Unusable   N/A       N/A         5
 Monstrous Menagerie      Summ           Unusable   N/A       N/A         7

Dungeon Overview and Level Annotations

Branches:
Dungeon (11/15) Zot: 26842  Temple (1/1) D:7 Zot: 5998    Lair (0/5) D:10
  Sewer (visited)          Bailey (visited)
    Orc: D:9-12

Altars:
Ashenzari
Cheibriados
Dithmenos
Fedhas
Gozag
Hepliaklqana
Kikubaaqudgha
Makhleb
Nemelex Xobeh
Okawaru
Qazlal
Ru
Sif Muna
Trog
Uskayaw
Vehumet
Wu Jian
Xom
Yredelemnul

Annotations:
D:10 2 runed translucent doors (art gloves), exclusion: 2 doors, Bizboz's ghost, journeyman DjAl
D:11 Erolcha


Innate Abilities, Weirdness & Mutations

You are immune to poison.
Your flesh is cold resistant. (rC+)
You are immune to negative energy. (rN+++)
You are immune to unholy pain and torment.
You are vulnerable to heat. (rF-)
You are in touch with the powers of death.
You do not drink.
You have a special connection with the divine. (Faith)


Message History

Press: ? - help, Shift-Dir - straight line, f/p - orc wizard
Aim: an orc wizard, wielding a +0 dagger and wearing a +0 robe (heavily wounded, 64% to hit)
The puff of flame hits the orc wizard!
The orc wizard is almost dead.
The orc wizard points at you and mumbles some strange words.
You are confused.
You are too confused!
Non-targeted confused throw: 45 stones
Press: ? - help, Q - select action, (/) - cycle Dir - look around, f - activate You throw a stone.
Erolcha the Cunning comes into view.
She is wielding a +0 giant club and wearing a +2 robe of fire resistance.
Erolcha shouts!
The orc wizard gestures at you while chanting.
The magic dart hits you.
Erolcha gestures wildly while chanting.
Erolcha flickers and vanishes!
Deactivating autopickup; reactivate with Ctrl-A.
The orc wizard misses you.
You feel less confused.
The orc wizard casts a spell.
The orc wizard flickers and vanishes!
A magic dart appears from out of thin air!
The magic dart hits you!
Aim the phial where?
Press: ? - help, Shift-Dir - straight line, f - you The torrent of water hits something!
Okawaru accepts your kill.
Reactivating autopickup.
You feel a bit more experienced.
The wave splashes down.
You hear a shout! x5
Aiming: Throw Flame
Press: ? - help, Shift-Dir - straight line Use which ability? (? or * to list)
You gain the combat prowess of a mighty hero.
You hear the loud beating of a drum nearby.
Aiming: Iceblast
Press: ? - help, Shift-Dir - straight line, f - you The mass of ice explodes!
The iceblast engulfs something!
You hear a shout! x4
A kobold demonologist comes into view. It is wielding a +0 dagger.
Aiming: Iceblast
Press: ? - help, Shift-Dir - straight line The mass of ice explodes!
The iceblast engulfs something!
The iceblast engulfs the kobold demonologist!!
The kobold demonologist is heavily wounded.
You hear a shout!
Aiming: Iceblast
Press: ? - help, Shift-Dir - straight line The mass of ice explodes!
The iceblast engulfs something!
Something hits you!!!
You die...

#..#####.# #. #.....##.# #
#.# #.##.##.# .###..
####.......### #...####
.....#.......# #.......
.....#...###.#######....####.
.......................>.))).
................%.~~....)))..
................@..).K...))).
.%...#.......#######..[)####
.....#.......# #.........
########.##### #...###### #†#
#...# #.# #...# #.# #....
########.# #..... #........#
.$.....


You could see a kobold demonologist.

Vanquished Creatures
  Harold (D:9)
  Urug (D:11)
  Sonja (D:11)
  An orc knight (Bailey)
  Jeremiah (D:9)
  A komodo dragon (D:11)
  A kobold demonologist (D:11)
  A troll (D:11)
  A hornet (D:9)
  4 wyverns
  A wraith (D:10)
  14 yaks
  4 water moccasins
  Duvessa (D:6)
  4 ice beasts
  An orc warrior (D:7)
  An ogre (D:5)
  9 centaurs
  A phantom (D:4)
  4 kobold brigands
  4 bullfrogs
  Blork the orc (D:6)
  10 wights
  Dowan (D:6)
  2 howler monkeys
  A bombardier beetle (D:9)
  A jelly (D:6)
  5 orc priests
  A gnoll bouda (D:4)
  4 hounds
  3 iron imps (D:5)
  2 iguanas
  Natasha (thrice) (D:4)
  12 orc wizards
  A hell rat (Sewer)
  15 gnolls
  2 river rats (Sewer)
  10 adders
  A shadow imp (D:5)
  A white imp (D:7)
  6 ufetubi
  2 dart slugs
  2 ribbon worms (D:4)
  51 orcs
  8 bats
  5 endoplasms
  7 giant cockroaches
  11 hobgoblins
  7 jackals
  11 ball pythons
  6 frilled lizards
  5 goblins
  11 kobolds
  10 rats
275 creatures vanquished.

Notes
Turn   | Place    | Note
-------+----------+-------------------------------------------
     0 | D:1      | Ge0ff the Mummy Artificer began the quest for the Orb.
     0 | D:1      | Reached XP level 1. HP: 15/15 MP: 1/1
   186 | D:1      | Reached skill level 1 in Stealth
   209 | D:1      | Reached XP level 2. HP: 21/21 MP: 2/2
   356 | D:1      | Reached skill level 1 in Dodging
   436 | D:1      | Reached skill level 1 in Short Blades
   451 | D:1      | Found a faded altar of an unknown god.
   452 | D:1      | Noticed a shining eye
   465 | D:1      | Noticed an eye of devastation
   465 | D:1      | Noticed a golden eye
   465 | D:1      | Noticed a golden eye
   677 | D:2      | Reached XP level 3. HP: 24/26 MP: 3/3
  1009 | D:2      | Found an iron altar of Okawaru.
  1017 | D:2      | Became a worshipper of Warmaster Okawaru
  1191 | D:2      | Reached XP level 4. HP: 32/33 MP: 4/4
  1414 | D:3      | Reached skill level 1 in Shields
  1572 | D:3      | Reached skill level 2 in Short Blades
  2207 | D:3      | Reached XP level 5. HP: 39/39 MP: 5/5
  2359 | D:4      | Found a glowing drain.
  2363 | Sewer    | Entered a sewer
  2404 | Sewer    | Reached skill level 3 in Short Blades
  2703 | D:4      | Reached * piety under Okawaru
  2704 | D:4      | Reached XP level 6. HP: 45/47 MP: 6/6
  2840 | D:4      | HP: 1/47 [something (3)]
  3255 | D:4      | Found a hazy altar of Hepliaklqana.
  3325 | D:4      | Noticed Natasha
  3329 | D:4      | Killed Natasha
  3573 | D:4      | Noticed Natasha
  3578 | D:4      | Killed Natasha
  3629 | D:4      | Noticed Natasha
  3641 | D:4      | Killed Natasha
  3642 | D:4      | Reached XP level 7. HP: 33/52 MP: 7/7
  3845 | D:5      | Entered Level 5 of the Dungeon
  3913 | D:5      | Reached skill level 4 in Short Blades
  3930 | D:5      | Reached skill level 1 in Invocations
  4047 | D:5      | Reached ** piety under Okawaru
  4114 | D:5      | Found a burning altar of Makhleb.
  4884 | D:6      | Noticed Dowan
  4989 | D:6      | Killed Dowan
  5001 | D:6      | Found a bloodstained altar of Trog.
  5049 | D:6      | Reached XP level 8. HP: 53/61 MP: 9/9
  5059 | D:6      | Reached skill level 5 in Short Blades
  5150 | D:6      | Identified the ring "Musyptyo" {rF+ rN+ Str-3 Slay+3}
  5224 | D:6      | Noticed Duvessa
  5232 | D:6      | Killed Duvessa
  5460 | D:6      | Noticed Blork the orc
  5470 | D:6      | Killed Blork the orc
  6102 | D:7      | Reached *** piety under Okawaru
  6103 | D:7      | Reached skill level 5 in Fighting
  6107 | D:7      | Found a flagged portal.
  6202 | Bailey   | Entered a bailey
  6268 | Bailey   | Reached skill level 1 in Throwing
  6337 | Bailey   | Noticed an orc knight
  6339 | Bailey   | Killed an orc knight
  6340 | Bailey   | Reached skill level 6 in Short Blades
  6340 | Bailey   | Reached XP level 9. HP: 68/68 MP: 10/10
  6561 | D:7      | Identified the +0 leather armour of Jaibrakh {rElec rC-
                  | Dex+4}
  6894 | D:7      | You fall into a shaft and drop 3 floors!
  6894 | D:10     | Entered Level 10 of the Dungeon
  6948 | D:9      | Reached **** piety under Okawaru
  6952 | D:9      | Reached skill level 7 in Short Blades
  7105 | D:9      | Found a snail-covered altar of Cheibriados.
  7195 | D:9      | Noticed Harold
  7200 | D:9      | Reached skill level 5 in Shields
  7216 | D:9      | Killed Harold
  7216 | D:9      | Reached ***** piety under Okawaru
  7217 | D:9      | Reached skill level 8 in Short Blades
  7217 | D:9      | Reached XP level 10. HP: 31/77 MP: 9/11
  7624 | D:7      | Found a staircase to the Ecumenical Temple.
  7640 | D:7      | Received a gift from Okawaru
  7828 | Temple   | Entered the Ecumenical Temple
  8542 | D:8      | Identified a scroll of acquirement
  8692 | D:9      | Reached skill level 9 in Short Blades
  8921 | D:9      | Noticed Jeremiah
  8951 | D:9      | Killed Jeremiah
  9135 | D:10     | Noticed Bizboz's ghost (journeyman DjAl)
  9135 | D:10     | Noticed a lich
  9135 | D:10     | Noticed a tengu warrior
  9136 | D:10     | Noticed a necromancer
  9136 | D:10     | Noticed a skeletal warrior
  9137 | D:10     | Noticed a wolf spider
  9137 | D:10     | Noticed a deep troll
  9420 | D:10     | Found a runed translucent door.
  9431 | D:10     | Found a runed translucent door.
  9658 | D:10     | Found a staircase to the Lair.
 10163 | D:11     | Received a gift from Okawaru
 10223 | D:11     | Reached XP level 11. HP: 77/87 MP: 12/12
 10283 | D:11     | Noticed Sonja
 10287 | D:11     | Killed Sonja
 10288 | D:11     | Reached skill level 10 in Short Blades
 10289 | D:11     | Noticed Urug
 10296 | D:11     | Killed Urug
 10299 | D:11     | Received a gift from Okawaru
 10319 | D:11     | Noticed Erolcha
 10333 | D:11     | Slain by Erolcha

Illustrated notes

Levels and vault maps discovered:
D:1:      psy_arrival_conway, layout_basic,
          hellmonk_ecumenical_altar_watching_god
D:2:      layout_basic, basic_altar
D:3:      layout_loops_ring, serial_forest, infiniplex_forest_corner_2,
          infiniplex_forest_corner_1, infiniplex_forest_clump_C,
          infiniplex_forest_lined_1, infiniplex_forest_lined_4_way,
          infiniplex_forest_zigzag_1, infiniplex_forest_lined_1,
          dreamdust_princess_bridge
D:4:      layout_loops_corners, mainiacjoe_overflow_paths,
          mainiacjoe_sewer_entry_somewhere_in_here_2, uniq_natasha
D:5:      layout_rooms, demons_altar
D:6:      layout_layer_cave, general_overflow_altar, uniq_blork_the_orc,
          uniq_duvessa
D:7:      layout_rooms, minmay_temple_entry_waves, enter_bailey_2
D:8:      layout_rooms, tso_oasis_becter
D:9:      layout_basic, slow_altar_2, uniq_jeremiah, uniq_harold
D:10:     layout_long_grid, minmay_lair_entry_grove,
          muffindrake_ghost_dual_entry
D:11:     layout_loops_cross, kennysheep_orc_monster_closet_entryway,
          gauntlet_entry_generic, uniq_erolcha, uniq_erica, uniq_urug,
          uniq_sonja
Temple:   minmay_crystal_spiral_temple

Skill      XL: |  1  2  3  4  5  6  7  8  9 10 11 |
---------------+----------------------------------+-----
Stealth        | 1 2 3 4 |  4.8
Dodging        | 1 2 3 |  3.0
Short Blades   | 1 2 3 4 6 8 9 10 | 10.3
Fighting       | 2 3 4 5 6 8 |  8.9
Shields        | 1 2 3 4 5 |  5.0
Invocations    | 2 |  2.0
Throwing       | 1 2 |  2.0
Armour         | 2 |  2.0
Evocations     | |  2.6

Action                     |  1- 3 |  4- 6 |  7- 9 | 10-12 || total
---------------------------+-------+-------+-------+-------++-------
  Melee: Short sword       |   111 |   264 |   263 |    61 ||   699
         Club              |     3 |       |       |       ||     3
         Rapier            |       |       |    82 |   224 ||   306
  Throw: Stone             |     2 |     1 |     5 |    16 ||    24
         Dart              |       |     2 |       |       ||     2
 Invoke: Heroism           |       |       |     4 |     4 ||     8
  Evoke: Wand              |     1 |     2 |     7 |    33 ||    43
         Phial of floods   |       |       |       |     1 ||     1
    Use: Scroll            |       |     7 |     9 |     4 ||    20
   Stab: Sleeping          |     5 |     9 |    14 |     5 ||    33
         Distracted        |       |     1 |       |     1 ||     2
 Armour: Leather armour    |    49 |     9 |       |       ||    58
         Ring mail         |       |    88 |   143 |   126 ||   357
  Dodge: Dodged            |    51 |   103 |   161 |   103 ||   418
  Block: Buckler           |    17 |    32 |    76 |    62 ||   187

Table legend: (Time is in decaauts)
 A = Elapsed time spent in this place.
 B = Non-inter-level travel time spent in this place.
 C = Inter-level travel time spent in this place.
 D = Time resting spent in this place.
 E = Time spent auto-exploring this place.
 F = Levels seen in this place.
 G = Mean time per level.
                   A        B        C        D        E       F      G
               +--------+--------+--------+--------+--------+-----+--------+
         Total |  10167 |   9850 |    317 |    364 |   6636 |  14 |  726.2 |
       Dungeon |   9720 |   9404 |    316 |    364 |   6377 |  11 |  883.6 |
        Temple |      1 |      0 |      1 |      0 |      0 |   1 |    1.0 |
         Sewer |    166 |    166 |      0 |      0 |    105 |   1 |  166.0 |
        Bailey |    280 |    280 |      0 |      0 |    153 |   1 |  280.0 |
               +--------+--------+--------+--------+--------+-----+--------+

Top non-repeatable levels by time:
     D:6: 1394 daAuts
     D:4: 1294 daAuts
     D:3: 1101 daAuts
     D:9: 1014 daAuts
    D:10: 1005 daAuts
     D:7: 856 daAuts
     D:5: 834 daAuts
     D:8: 757 daAuts
     D:2: 657 daAuts
     D:1: 648 daAuts
  Bailey: 280 daAuts
   Sewer: 166 daAuts
    D:11: 156 daAuts
  Temple: 1 daAuts
